 Dungeon Crawl Stone Soup version 0.20-a0-927-g1ae2c61 (webtiles) character file.

249 galech the Ruffian (level 5, 0/52 HPs)
             Began as a Troll Monk on Mar 28, 2017.
             Succumbed to Sigmund's poison
             ... on level 4 of the Dungeon.
             The game lasted 00:04:16 (2940 turns).

galech the Ruffian (Troll Monk)                     Turns: 2940, Time: 00:04:17

Health: 0/52       AC:  6    Str: 27    XL:     5   Next: 87%
Magic:  4/4        EV: 11    Int:  6    God:
Gold:   202        SH:  0    Dex: 12    Spells: 4/4 levels left

rFire    . . .     SeeInvis .     - Unarmed
rCold    . . .     Gourm    +   (no shield)
rNeg     . . .     Faith    .   a - +0 robe
rPois    .         Spirit   .   (helmet restricted)
rElec    .         Reflect  .   k - +0 cloak
rCorr    .         Harm     .   (gloves unavailable)
MR       .....                  (boots unavailable)
Stlth    ++........             (no amulet)
Regen    0.6/turn               d - +2 ring of strength
MPRegen  0.1/turn               (no ring)

@: mighty, lethally poisoned (0 -> -9), flying
A: unfitting armour, claws 3, fast metabolism 3, gourmand, regeneration 1,
shaggy fur 1, tough skin 2
a: no special abilities


You were on level 4 of the Dungeon.
You were not hungry.

You visited 1 branch of the dungeon, and saw 4 of its levels.

You collected 202 gold pieces.

Inventory:

Armour
 a - a +0 robe (worn)
 k - a +0 cloak (worn)
Jewellery
 d - a +2 ring of strength (left claw)
Scrolls
 c - 5 scrolls of identify {unknown}
 e - a scroll of blinking {unknown}
 f - 2 scrolls of amnesia {unknown}
 h - a scroll of remove curse
 i - 3 scrolls of teleportation {unknown}
 l - a scroll of recharging {unknown}
Potions
 g - a potion of brilliance {unknown}
 j - a potion of heal wounds {unknown}
Comestibles
 b - 6 bread rations


   Skills:
 + Level 2.8 Fighting
 + Level 3.4 Dodging
 + Level 1.8 Stealth
 + Level 4.9 Unarmed Combat


You had 4 spell levels left.
You didn't know any spells.

Dungeon Overview and Level Annotations

Branches:
Dungeon (4/15)
 Temple: D:4-7

Altars:
Elyvilon

Shops:
D:4 %

Annotations:
D:4 Sigmund


Innate Abilities, Weirdness & Mutations

You are too large for most types of armour.
You have claws for hands.
Your metabolism is lightning-fast.
You like to eat raw meat.
Your natural rate of healing is unusually fast.
You are covered in fur. (AC +1)
You have very tough skin. (AC +2)


Message History

You feel sick.
Found a stone staircase leading down.
As you read the scroll labeled CEIG VYNGUPP, it crumbles to dust.
You feel as if something is helping you.
It was a scroll of remove curse.
You feel sick. Something hits you.
* * * LOW HITPOINT WARNING * * *
You are more poisoned.
A hound comes into view.
* * * LOW HITPOINT WARNING * * *
You feel sick.
Found 23 stones.
It was a potion of might.
You feel very mighty all of a sudden.
* * * LOW HITPOINT WARNING * * *
You feel sick. The orc hits you with a club.
* * * LOW HITPOINT WARNING * * *
It was a potion of flight.
You feel very buoyant.
You fly up into the air.
You die...

########## (.......# #.......#
.......##h .....>... ##....#
########## #.@#.#
.........###o.#.#
...........{o.#.#
..........Zo..#.#
.............##.# #...
...........(.##.######## #...
..................(....####...
...................### .....
.............##.##...#### #...


You could see a hound (sleeping), 3 orcs and a leopard gecko skeleton.

Vanquished Creatures
  A phantom (D:4)
  An orc priest (D:4)
  2 iguanas (D:4)
  2 adders
  2 adder skeletons (D:4)
  3 dart slugs (D:1)
  2 orcs (D:3)
  3 ball pythons
  3 giant cockroaches
  6 goblins
  5 hobgoblins
  2 jackals (D:2)
  8 kobolds
  8 bats
  2 frilled lizards
  7 rats
57 creatures vanquished.

Notes
Turn   | Place    | Note
-------+----------+-------------------------------------------
     0 | D:1      | galech the Troll Monk began the quest for the Orb.
     0 | D:1      | Reached XP level 1. HP: 22/22 MP: 0/0
   254 | D:1      | Reached XP level 2. HP: 29/29 MP: 1/1
   521 | D:1      | Reached XP level 3. HP: 36/36 MP: 2/2
  2434 | D:3      | Reached XP level 4. HP: 44/44 MP: 3/3
  2611 | D:4      | Noticed a phantom
  2651 | D:4      | Killed a phantom
  2651 | D:4      | Reached skill level 4 in Unarmed Combat
  2651 | D:4      | Reached XP level 5. HP: 24/52 MP: 4/4
  2714 | D:4      | Found Gicano Idwam's Food Shop.
  2919 | D:4      | Found a white marble altar of Elyvilon.
  2922 | D:4      | Noticed Sigmund
  2939 | D:4      | HP: 2/52 [poisoned by Sigmund]
  2940 | D:4      | Succumbed to Sigmund's poison

Vault maps used:
D:1:      minmay_arrival_up_and_down, minmay_quantized
D:2:      first_bread, feat_on_display
D:3:      kennysheep_flooded_box, grunt_ministairs_13
D:4:      kennysheep_goblin_castle, overflow_temple_1_default, serial_shops,
          shop, uniq_sigmund

Skill      XL: |  1  2  3  4 |
---------------+-------------+-----
Dodging        | 3 |  3.4
Unarmed Combat | 4 |  4.9
Fighting       | |  2.8
Stealth        | |  1.8

Action                   |  1- 3 |  4- 6 || total
-------------------------+-------+-------++-------
Melee: Unarmed           |   117 |    44 ||   161
       Punch             |     1 |       ||     1
  Use: Potion            |       |     2 ||     2
       Scroll            |       |     1 ||     1
 Stab: Sleeping          |     3 |     1 ||     4
  Eat: Chunk             |    26 |       ||    26
Armor: Robe              |    33 |     7 ||    40
Dodge: Dodged            |    65 |    19 ||    84
